Map: 16-Bit LE

Players

Poizon

  • Race: Protoss Protoss
  • Spawn Location: 7:00

scorplingg - Winner!

  • Race: Zerg Zerg
  • Spawn Location: 1:00

Event: WCS Austin 2018

VOD

Have the link to the VOD?

Description

Time

  • Played on: June 1, 2018, 3:14 p.m.
  • Length: 9:11

All games in this series

Show
View Real Time Build Order
Export as new Build Order

Poizon Protoss 

Build Orders: 1 Gate Expand, Zealot Archon, Dark Templar Rush 

Get SALT Encoding   

  12  0:00  Probe  
  13  0:12  Probe  
  14  0:21  Pylon  
  14  0:25  Probe  
  15  0:39  Probe  
  15  0:42  Gateway  
  16  0:51  Probe  
  16  0:53  Assimilator  
  17  1:03  Probe  
  18  1:25  Nexus  
  18  1:35  Cybernetics Core  
  18  1:38  Probe  
  19  1:44  Assimilator  
  19  1:50  Probe  
  20  2:02  Probe  
  20  2:05  Adept  
  21  2:13  Pylon  
  23  2:15  Warp Gate  
  23  2:28  Pylon  
  23  2:31  Probe  
  24  2:39  Probe  
  24  2:41  Twilight Council  
  25  2:47  Adept  
  25  2:50  Probe  
  28  3:09  Resonating Glaives, Probe  
  29  3:15  Probe  
  29  3:19  Dark Shrine  
  30  3:21  Probe  
  30  3:27  Probe  
  32  3:33  Probe  
  32  3:39  Probe  
  33  3:44  Pylon  
  33  3:47  Shield Battery, Probe  
  34  3:53  Probe  
  33  4:03  Gateway  
  33  4:13  Gateway  
  33  4:14  Gateway  
  33  4:17  Probe  
  33  4:19  Pylon  
  33  4:20  Probe  
  35  4:26  Sentry  
  35  4:29  Probe  
  38  4:37  Probe  
  39  4:41  Gateway  
  39  4:48  Probe  
  40  4:53  Gateway  
  40  4:57  Probe  
  40  4:58  Dark Templar  
  40  4:59  Dark Templar  
  45  5:03  Probe  
  46  5:07  Assimilator  
  46  5:13  Dark Templar  
  46  5:14  Dark Templar  
  50  5:15  Probe  
  51  5:34  Probe x2  
  53  5:46  Probe x2  
  53  5:49  Archon  
  53  5:55  Dark Templar  
  53  5:56  Dark Templar  
  53  5:58  Probe x2  
  53  6:01  Archon  
  55  6:07  Pylon  
  55  6:08  Pylon  
  55  6:09  Pylon  
  55  6:10  Probe  
  54  6:20  Nexus  
  54  6:23  Probe  
  54  6:25  Pylon, Dark Templar  
  57  6:34  Assimilator  
  57  6:37  Probe x2  
  57  6:39  Forge  
  59  6:44  Stalker x2  
  59  6:45  Stalker x2  
  67  6:50  Probe  
  68  6:57  Assimilator  
  68  6:58  Assimilator  
  68  7:04  Gateway  
  68  7:06  Gateway  
  68  7:09  Pylon  
  68  7:14  Dark Templar  
  68  7:24  Adept  
  68  7:25  Adept x4  
  69  7:44  Pylon  
  69  7:50  Adept  
  65  7:51  Adept  
  65  7:52  Adept x4  
  59  8:12  Dark Templar x2  
  53  8:13  Stalker  
  53  8:15  Adept  
  59  8:26  Photon Cannon  
  57  8:29  Photon Cannon  
  45  8:36  Adept x3, Pylon  
  45  8:37  Adept  
  52  8:47  Dark Templar  
  53  8:55  Stalker  
  48  8:56  Stalker x2  
  48  8:57  Stalker  
Show
View Real Time Build Order
Export as new Build Order

scorplingg Zerg - Winner!

Build Orders: Hatch First 

Get SALT Encoding   

  12  0:01  Drone  
  13  0:12  Overlord  
  13  0:18  Drone  
  14  0:31  Drone  
  14  0:35  Drone  
  16  0:45  Drone  
  17  0:57  Hatchery  
  17  1:00  Drone  
  17  1:05  Extractor  
  16  1:15  Spawning Pool  
  16  1:18  Drone  
  16  1:22  Drone  
  17  1:30  Drone  
  18  1:39  Drone  
  19  1:49  Overlord  
  19  2:00  Drone  
  20  2:04  Metabolic Boost  
  20  2:05  Queen  
  22  2:11  Queen  
  22  2:14  Drone  
  25  2:17  Drone  
  25  2:21  Zergling x2  
  27  2:24  Zergling x2  
  28  2:31  Drone  
  28  2:33  Zergling x2  
  30  2:43  Drone x2  
  32  2:52  Overlord  
  32  2:55  Drone  
  33  3:03  Drone  
  33  3:05  Drone  
  35  3:14  Drone  
  35  3:15  Drone x2  
  35  3:16  Drone  
  39  3:20  Overlord  
  39  3:27  Hatchery  
  38  3:30  Zergling x4  
  38  3:31  Zergling x4  
  41  3:43  Zergling x4  
  41  3:47  Drone  
  44  3:49  Drone  
  44  3:53  Drone x2  
  44  3:55  Drone  
  48  3:56  Lair  
  48  3:59  Drone  
  48  4:02  Extractor  
  48  4:04  Drone  
  49  4:11  Evolution Chamber, Drone x2  
  49  4:13  Extractor x2  
  48  4:17  Baneling Nest  
  48  4:18  Queen  
  48  4:22  Drone x3  
  52  4:30  Overlord x2  
  52  4:38  Overlord x2  
  50  4:46  Drone x5  
  55  4:53  Spore Crawler  
  55  4:55  Spore Crawler  
  55  4:56  Overseer  
  55  4:58  Overseer  
  53  5:02  Overlord, Zergling x2  
  53  5:03  Zergling x2  
  53  5:06  Drone x2  
  57  5:15  Hydralisk Den  
  56  5:24  Drone x2  
  58  5:41  Zerg Missile Weapons Level 1  
  57  5:49  Overseer  
  50  5:56  Hydralisk  
  50  5:57  Hydralisk x10  
  69  6:18  Overseer  
  69  6:20  Overseer  
  69  6:25  Pneumatized Carapace  
  69  6:27  Hydralisk  
  69  6:28  Overlord  
  69  6:29  Overlord  
  69  6:32  Drone x7  
  78  6:33  Drone x2  
  80  6:47  Overseer  
  80  6:50  Hydralisk  
  80  6:51  Hydralisk x3  
  88  6:59  Extractor  
  87  7:02  Muscular Augments, Zergling x2  
  87  7:03  Zergling x6  
  87  7:27  Hydralisk x6  
  93  7:38  Zergling x4  
  93  7:39  Zergling x14  
  93  7:43  Zergling x2  
  93  7:44  Zergling x6  
  102  7:53  Zergling x10  
  101  8:05  Zergling x6  
  90  8:14  Zergling x4  
  90  8:15  Zergling x4  
  90  8:19  Hydralisk x2  
  93  8:28  Hydralisk  
  93  8:29  Hydralisk x3  
  98  8:35  Zergling x2  
  98  8:36  Zergling x4  
  97  8:51  Zergling x10  
  97  8:52  Zergling x10  
Tags
 
Add a new tag
Caveats
  • Supply blocks, unpowered buildings, or Contaminate may cause inaccurate times.
  • Supply counts are checked every 10 seconds.